 Dungeon Crawl Stone Soup version 0.30-a0-341-g682706514a (webtiles) character file.

Game seed: 199516784101633687

288 D0xt0R the Slasher (level 6, -2/53 HPs)
             Began as a Minotaur Fighter on Nov 1, 2022.
             Succumbed to an orc wizard's poison
             ... on level 4 of the Dungeon.
             The game lasted 00:17:08 (1905 turns).

D0xt0R the Slasher (Minotaur Fighter)               Turns: 1905, Time: 00:17:08

Health: -2/53      AC: 10    Str: 23    XL:     6   Next: 9%
Magic:  20/20      EV:  8    Int:  5    God:
Gold:   94         SH:  0    Dex:  9    Spells: 5/5 levels left

rFire   . . .      SeeInvis .    a - +0 long sword
rCold   . . .      Faith    +    f - +0 kite shield
rNeg    . . .      Spirit   .    b - +0 scale mail
rPois   .          Reflect  .    p - +2 hat
rElec   .          Harm     .    (no cloak)
rCorr   .          Rampage  .    m - +0 pair of gloves
Will    .....                    (no boots)
Stlth   ..........               n
                                   - Hermit's Pendant {Faith Invo=14 Evo=0 MP+5}
HPRegen 0.28/turn                (no ring)
MPRegen 0.17/turn                (no ring)

@: confused, lethally poisoned (-2 -> -19)
A: horns 2, retaliatory headbutt
a: no special abilities


You were on level 4 of the Dungeon.
You visited 1 branch of the dungeon, and saw 4 of its levels.

You collected 152 gold pieces.
You spent 58 gold pieces at shops.

Inventory:

Hand Weapons
 a - a +0 long sword (weapon)
Armour
 b - a +0 scale mail (worn)
 c - a +0 buckler
 f - a +0 kite shield (worn)
 m - a +0 pair of gloves (worn)
 p - a +2 hat (worn)
Jewellery
 n - the Hermit's Pendant (around neck) {Faith Invo=14 Evo=0 MP+5}
   (You found it on level 3 of the Dungeon)

   [amulet of faith]

   It sets your invocations skill to 14 and your evocations skill to 0.
   It allows you to gain divine favour quickly.
   MP:        It affects your magic capacity (+5).
Wands
 q - a wand of quicksilver (7)
Scrolls
 e - 2 scrolls of poison {unknown}
 h - 4 scrolls of identify {unknown}
 j - 2 scrolls of magic mapping {unknown}
 l - a scroll of noise {unknown}
 o - a scroll of torment {unknown}
 s - 2 scrolls of teleportation {unknown}
 t - a scroll of blinking {unknown}
Potions
 d - a potion of might
 g - a potion of heal wounds {unknown}
 i - 2 potions of haste {unknown}
 k - a potion of ambrosia {unknown}
 r - 2 potions of curing {unknown}


   Skills:
 + Level 4.5 Fighting
 + Level 5.3 Long Blades
 + Level 5.1 Armour
 + Level 1.0 Dodging
 + Level 0.1 Stealth
 + Level 4.6 Shields


You had 5 spell levels left.
You didn't know any spells.
Your spell library contained the following spells:

 Spells                   Type           Power      Damage    Failure   Level
 Slow                     Hex            0%         N/A       98%         1
 Confusing Touch          Hex            0%         N/A       100%        3
 Vampiric Draining        Necr           0%         2d6       100%        3
 Leda's Liquefaction      Hex/Erth       0%         N/A       100%        4
 Lee's Rapid Deconstruct  Erth           0%         3d4*      100%        5
 Statue Form              Tmut/Erth      0%         N/A       100%        6


Dungeon Overview and Level Annotations

Branches:
Dungeon (4/15)
 Temple: D:4-7

Altars:
Nemelex Xobeh
Sif Muna
Zin

Shops:
D:3 [


Innate Abilities, Weirdness & Mutations

You have a pair of horns on your head.
You reflexively headbutt those who attack you in melee.


Message History

You feel very sick. Something hits you.
You completely miss something. Your headbutt misses something.
You feel sick. Something hits you but does no damage.
You are more poisoned.
You barely miss something.
You feel very sick. Something hits you but does no damage.
You are more poisoned.
Something hits you but does no damage.
You are more poisoned.
You miss something. Your headbutt misses something.
You feel extremely sick. Something hits you.
You are lethally poisoned!
An orc comes into view. It is wielding a +0 trident.
The orc shouts!
You hit something. Your headbutt misses something.
You feel extremely sick.
You hear some strange, mumbled words.
You are confused.
You feel very sick. Something hits you but does no damage.
You are more poisoned.
* * * LOW HITPOINT WARNING * * *
You feel very sick.
You hear some strange, mumbled words.
A puff of flame appears from out of thin air!
The puff of flame hits you but does no damage.
* * * LOW HITPOINT WARNING * * *
You feel very sick.
* * * LOW HITPOINT WARNING * * *
You feel very sick.
* * * LOW HITPOINT WARNING * * *
You feel very sick.
An orc comes into view. It is wielding a +2 whip of pain.
Something hits you but does no damage.
You are more poisoned.
An orc comes into view. It is wielding a +0 dagger.
You die...

..... .o..... .............#
.... ..o.... #.........#
##...# ♣..o... ##........#
... ♣♣.....# #......♣.#
..#...#♣......# #.....♣♣
..##..........## ##......♣.
..##.........o.####†).......
...###......................#
....# #.........@...........#
....###...♣♣..........♣♣..###
.##.....#..♣..........♣ .##
<.#.....................##
####.....##.....♣......##
###.#.#.####...♣♣♣....##
......### ##### ######
..##..# .###.##


You could see 3 orcs.

Vanquished Creatures
  2 necrophages
  A jelly (D:4)
  A hound (D:3)
  Jessica (D:3)
  3 adders
  2 worms
  3 ball pythons
  8 endoplasms
  2 giant cockroaches
  A goblin (D:3)
  4 hobgoblins
  2 quokkas (D:2)
  5 bats
  3 frilled lizards
  6 kobolds
44 creatures vanquished.

Notes
Turn   | Place    | Note
-------+----------+-------------------------------------------
     0 | D:1      | D0xt0R the Minotaur Fighter began the quest for the Orb.
     0 | D:1      | Reached XP level 1. HP: 19/19 MP: 0/0
   210 | D:1      | Reached XP level 2. HP: 23/27 MP: 1/1
   761 | D:2      | Reached XP level 3. HP: 17/33 MP: 2/2
  1019 | D:3      | Noticed Jessica
  1021 | D:3      | Killed Jessica
  1022 | D:3      | Reached XP level 4. HP: 40/40 MP: 3/3
  1030 | D:3      | Found Moejoes's Armour Shop.
  1050 | D:3      | Bought a +0 pair of gloves for 58 gold pieces
  1090 | D:3      | Found the Hermit's Pendant {Faith Invo=14 Evo=0 MP+5}
  1347 | D:3      | Found a sparkling altar of Nemelex Xobeh.
  1413 | D:3      | Found a glowing silver altar of Zin.
  1602 | D:4      | Noticed a necrophage
  1615 | D:4      | Killed a necrophage
  1616 | D:4      | Reached XP level 5. HP: 46/47 MP: 13/13
  1701 | D:4      | Found a shimmering blue altar of Sif Muna.
  1721 | D:3      | Reached skill level 5 in Long Blades
  1721 | D:3      | Reached skill level 5 in Armour
  1833 | D:3      | Reached skill level 1 in Dodging
  1833 | D:3      | Reached XP level 6. HP: 48/53 MP: 15/15
  1904 | D:4      | HP: 1/53 [poisoned by an orc wizard]
  1905 | D:4      | Succumbed to an orc wizard's poison

Illustrated notes

Levels and vault maps discovered:
D:1:      minmay_arrival_plants_in_alcoves, layout_loops_ring
D:2:      layout_basic
D:3:      layout_loops_ring, mainiacjoe_overflow_alcove_1,
          nemelex_xobeh_ov_fountains_minmay, serial_shops,
          nicolae_shop_temple_entry_statues_fountains, shop, uniq_jessica
D:4:      layout_cave_pools, old_standard_altar, led_sif_book,
          mainiacjoe_overflow_small_starburst, kennysheep_decorative_pillar,
          minmay_pentangle

Skill      XL: |  1  2  3  4  5 |
---------------+----------------+-----
Armour         | 4 5 |  5.1
Fighting       | 4 |  4.5
Shields        | 4 |  4.6
Long Blades    | 3 4 5 |  5.3
Dodging        | 1 |  1.0
Stealth        | |  0.1

Action                   |  1- 3 |  4- 6 || total
-------------------------+-------+-------++-------
Melee: Long sword        |    63 |    64 ||   127
       Headbutt          |     9 |     9 ||    18
Armor: Scale mail        |    26 |    41 ||    67
Dodge: Dodged            |    18 |    16 ||    34
Block: Buckler           |     2 |       ||     2
       Kite shield       |    22 |    29 ||    51

Table legend: (Time is in decaauts)
 A = Elapsed time spent in this place.
 B = Non-inter-level travel time spent in this place.
 C = Inter-level travel time spent in this place.
 D = Time resting spent in this place.
 E = Time spent auto-exploring this place.
 F = Levels seen in this place.
 G = Mean time per level.
                   A        B        C        D        E       F      G
               +--------+--------+--------+--------+--------+-----+--------+
         Total |   1953 |   1952 |      1 |    331 |      0 |   4 |  488.2 |
       Dungeon |   1953 |   1952 |      1 |    331 |      0 |   4 |  488.2 |
               +--------+--------+--------+--------+--------+-----+--------+

Top non-repeatable levels by time:
     D:3: 730 daAuts
     D:1: 551 daAuts
     D:2: 478 daAuts
     D:4: 193 daAuts
